AoeStats
← Rapis94

Arabia

508230235Analyzed
1v1 RM · 12d ago on Sep 21, 2026· 56m 27s· 2 players
Game mode
Random Map
Map size
Tiny (2 player)
Population
200
Speed
Normal
Resources
Standard
Victory
Conquest
Starting age
Dark Age
Ending age
Imperial Age
RankedLock teamsTeams togetherTeam positionsShared explorationLock speedFull tech treeHidden civsTurbo modeCheats
Victory
Defeat
🇨🇱 Spanish · Chile
917
+15
🇺🇾 Ethiopians · Uruguay
888
-15
Rapis94
5:33 Loom
11:41 Feudal Age
19:08 Castle Age
18:55 Fletching
20:37 Crossbowman
22:02 Bodkin Arrow
22:07 Padded Archer Armor
25:45 Stone Mining
32:50 Imperial Age
42:26 Elite Skirmisher
49:33 Leather Archer Armor
luis.diaz1937
0:47 Loom
9:46 Feudal Age
12:38 Double-Bit Axe
15:22 Horse Collar
15:55 Forging
15:50 Scale Barding Armor
19:09 Castle Age
17:04 Fletching
17:14 Padded Archer Armor
18:05 Padded Archer Armor
21:02 Heavy Plow
21:14 Bow Saw
20:58 Gold Mining
20:57 Town Watch
22:58 Bodkin Arrow
23:37 Elite Skirmisher
24:35 Leather Archer Armor
30:39 Wheelbarrow
35:26 Husbandry
35:37 Bloodlines
38:38 Forging
38:36 Scale Barding Armor
40:49 Bow Saw
41:31 Iron Casting
41:16 Chain Barding Armor
41:55 Hand Cart
43:37 Murder Holes
48:06 Imperial Age
49:50 Blast Furnace
49:25 Plate Barding Armor
49:01 Cavalier
53:00 Bracer
53:30 Ring Archer Armor
55:46 Conscription
56:36 Town Patrol
Connection lost

Rejoining the realm…

Still unreachable

The connection could not be restored.

Session expired

The server has moved on; the page needs a fresh start.